 Dungeon Crawl Stone Soup version 0.19.4 (webtiles) character file.

327 Jerry the Cudgeler (level 6, 0/67 HPs)
             Began as an Ogre Hunter on Feb 2, 2017.
             Slain by an orc wizard
             ... wielding a +0 dagger
              (4 damage)
             ... on level 4 of the Dungeon.
             The game lasted 00:10:34 (3718 turns).

Jerry the Cudgeler (Ogre Hunter)                    Turns: 3718, Time: 00:10:34

Health: 0/67       AC:  4    Str: 19    XL:     6   Next: 50%
Magic:  6/6        EV:  8    Int: 10    God:
Gold:   176        SH:  0    Dex: 11    Spells: 0 memorised, 5 levels left

rFire  . . .     SeeInvis .     a - +1 whip
rCold  . . .     Gourm    .     b - +0 robe
rNeg   . . .     Faith    .     (no shield)
rPois  .         Spirit   .     (helmet restricted)
rElec  .         Reflect  .     v - +0 cloak
rCorr  .         Harm     .     (gloves unavailable)
MR     .....                    (boots unavailable)
Stlth  ++........               (no amulet)
                                (no ring)
                                y - -2 ring of evasion (curse)

@: no status effects
A: unfitting armour, tough skin 1
a: no special abilities


You were on level 4 of the Dungeon.
You were very hungry.

You visited 1 branch of the dungeon, and saw 4 of its levels.

You collected 176 gold pieces.

Inventory:

Hand Weapons
 a - a +1 whip (weapon)
Missiles
 c - 5 large rocks (quivered)
 d - 2 throwing nets
Armour
 b - a +0 robe (worn)
 v - a +0 cloak (worn)
Jewellery
 y - a cursed -2 ring of evasion (left hand)
Wands
 n - a wand of iceblast (6/15)
Scrolls
 h - a scroll of identify
 i - a scroll of teleportation
Potions
 e - a potion of haste {unknown}
 k - 3 potions of brilliance
 o - 3 potions of curing
 t - a potion of cancellation
 u - a potion of resistance
 w - a potion of ambrosia {unknown}
 A - a potion of mutation {unknown}
Comestibles
 f - 2 bread rations
 g - a meat ration
 q - a beef jerky
 z - 3 fruits


   Skills:
 + Level 5.7 Fighting
 * Level 6.1 Maces & Flails
 - Level 4.0 Throwing
 - Level 1.7 Dodging
 - Level 1.3 Stealth


You had 5 spell levels left.
You didn't know any spells.

Dungeon Overview and Level Annotations

Branches:
Dungeon (4/15)
 Temple: D:4-7

Altars:


Innate Abilities, Weirdness & Mutations

You are too large for most types of armour.
You have tough skin. (AC +1)


Message History

The orc wizard is moderately wounded.
The orc wizard barely misses you.
The orc wizard gestures wildly while chanting.
The orc wizard blinks!
You start resting.
The orc wizard gestures at you while chanting.
You resist with some effort.
You start resting.
You are too injured to fight recklessly!
You hit the orc wizard.
The orc wizard is moderately wounded.
The orc wizard hits you but does no damage.
You hit the orc wizard.
The orc wizard is heavily wounded.
The orc wizard hits you with a dagger.
* * * LOW HITPOINT WARNING * * *
You hit the orc wizard.
The orc wizard is severely wounded.
The orc wizard hits you with a dagger.
You die...

### #.# #.#######
#......o#######
#o###....o....# #@#
###.#####.# #.# #.# #.#
#.# #.# #.# #)#
##.#####.####
.......)................
#######.#####.......####
#.# ##.......#### ...
............. #.#
#...........


You could see an orc wizard.

Vanquished Creatures
  A hound (D:4)
  An orc priest (D:4)
  Natasha (thrice) (D:3)
  A gnoll (D:3)
  4 adders
  7 oozes
  An adder zombie (D:3)
  3 dart slugs (D:1)
  3 worms (D:3)
  4 leopard geckos
  5 orcs
  8 giant cockroaches
  5 goblins
  4 hobgoblins
  2 jackals (D:1)
  2 quokkas
  9 bats
  5 frilled lizards
  16 kobolds
  A quokka skeleton (D:4)
  17 rats
102 creatures vanquished.

Notes
Turn   | Place    | Note
-------+----------+-------------------------------------------
     0 | D:1      | Jerry the Ogre Hunter began the quest for the Orb.
     0 | D:1      | Reached XP level 1. HP: 22/22 MP: 1/1
     1 | D:1      | Found a runed door.
    54 | D:1      | Reached skill level 1 in Stealth
    91 | D:1      | Reached XP level 2. HP: 28/31 MP: 2/2
   547 | D:1      | Reached skill level 1 in Maces & Flails
   585 | D:1      | Reached XP level 3. HP: 33/39 MP: 3/3
   709 | D:1      | Reached skill level 2 in Maces & Flails
   845 | D:1      | Reached skill level 3 in Maces & Flails
   845 | D:1      | Reached XP level 4. HP: 32/48 MP: 4/4
  2027 | D:3      | Reached skill level 4 in Maces & Flails
  2174 | D:3      | Reached XP level 5. HP: 48/55 MP: 5/5
  2208 | D:3      | HP: 2/55 [adder zombie (4)]
  2222 | D:3      | Noticed Natasha
  2224 | D:3      | Killed Natasha
  2852 | D:3      | Noticed Natasha
  2854 | D:3      | Killed Natasha
  2854 | D:3      | Reached skill level 5 in Fighting
  2854 | D:3      | Reached skill level 5 in Maces & Flails
  3024 | D:3      | Noticed Natasha
  3037 | D:3      | Killed Natasha
  3037 | D:3      | Reached XP level 6. HP: 64/66 MP: 6/6
  3684 | D:4      | Reached skill level 6 in Maces & Flails
  3705 | D:4      | HP: 2/67 [orc wizard/dagger (3)]
  3718 | D:4      | Slain by an orc wizard

Skill      XL: |  1  2  3  4  5  6 |
---------------+-------------------+-----
Fighting       | 3 4 5 |  5.7
Stealth        | 1 |  1.3
Maces & Flails | 1 3 4 5 6 |  6.1
Throwing       | |  4.0
Dodging        | |  1.7

Action                   |  1- 3 |  4- 6 || total
-------------------------+-------+-------++-------
Melee: Short sword       |    35 |       ||    35
       Mace              |    53 |       ||    53
       Spear             |    21 |   192 ||   213
       Whip              |       |    77 ||    77
Throw: Large rock        |       |     7 ||     7
  Use: Potion            |       |     3 ||     3
       Scroll            |       |     9 ||     9
 Stab: Sleeping          |       |     2 ||     2
  Eat: Chunk             |       |     8 ||     8
Armor: Robe              |    27 |    80 ||   107
Dodge: Dodged            |    55 |   113 ||   168
